 Dungeon Crawl Stone Soup version 0.28.0-47-ge53b351184 (webtiles) character file.

Game seed: 11254311245008027933

17292 firemarshallily the Thaumaturge (level 12, -8/86 HPs)
             Began as a Djinni Fire Elementalist on May 3, 2022.
             Was the Champion of Jiyva.
             Mangled by Jorgrun
             ... wielding a +0 vorpal quarterstaff
              (13 damage)
             ... on level 12 of the Dungeon.
             The game lasted 01:20:19 (10540 turns).

firemarshallily the Thaumaturge (DjFE)             Turns: 10540, Time: 01:20:20

Health: -8/86      AC:  6    Str: 11    XL:     12   Next: 80%
Gold:   386        EV: 13    Int: 23    God:    Jiyva [******] SH:  0 Dex: 13

rFire   + + +      SeeInvis .   j - staff of fire
rCold   x x .      Faith    .   J - orb {light}
rNeg    . . .      Spirit   .   E - +1 robe {Will+}
rPois   ∞          Reflect  .   (helmet unavailable)
rElec   .          Harm     .   (no cloak)
rCorr   +          Rampage  .   d - +2 pair of gloves
Will    +++..      Rage     1%  (boots unavailable)
Stlth   ++........              f - amulet of regeneration
HPRegen 2.64/turn               k - ring of fire
MPRegen 0.00/turn               (no ring)

@: grasped by roots, flying, glowing, constricted
A: sickness immunity, fire resistance 2, cold vulnerability 1, float, innate
caster, HP casting, extra vitality 1, horns 3, berserk 1, strong-willed 1,
strong 2, eyeballs 1
a: Renounce Religion, Oozemancy, Slimify


You were on level 12 of the Dungeon.
You worshipped Jiyva.
Jiyva was exalted by your worship.
You visited 1 branch of the dungeon, and saw 12 of its levels.
You also visited: Sewer and Gauntlet.

You collected 710 gold pieces.
You spent 324 gold pieces at shops.

Inventory:

Hand Weapons
 A - the +10 dagger "Thing" {vorpal, rElec}
   (You took it off an orc on level 8 of the Dungeon)

   It inflicts extra damage upon your enemies.
   rElec:     It insulates you from electricity.
Missiles
 a - 40 poisoned darts
 b - 287 stones
 q - 9 curare-tipped darts
 C - 3 atropa-tipped darts
Armour
 d - a +2 pair of gloves (worn)
 v - a +0 helmet
 w - a +0 robe of positive energy
 y - +0 acid dragon scales
 D - a +0 troll leather armour
 E - a +1 robe of willpower (worn)
 H - the +1 robe "Yddo" {*Slow +Inv rPois MP-9 Str+6}
   (You found it on level 11 of the Dungeon)

   Str:       It affects your strength (+6).
   rPois:     It protects you from poison.
   MP:        It affects your magic capacity (-9).
   +Inv:      It lets you turn invisible.
   *Slow:     It may slow you when you take damage.
 J - an orb of light (worn)
Magical Staves
 j - a staff of fire (weapon)
Jewellery
 f - an amulet of regeneration (around neck)
 k - a ring of fire (left hand)
 K - the amulet "Jiasebba" {Acrobat rC+}
   (You found it on level 12 of the Dungeon)

   [amulet of the acrobat]

   It increases your evasion while moving and waiting.
   rC:        It protects you from cold.
Wands
 e - a wand of paralysis (9)
 G - a wand of acid (3)
 I - a wand of flame (10)
Scrolls
 c - a scroll of enchant armour {unknown}
 l - a scroll of holy word
 o - a scroll of summoning {unknown}
 r - a scroll of magic mapping
 u - a scroll of teleportation
 B - a scroll of immolation {unknown}
 F - 2 scrolls of enchant weapon (quivered) {unknown}
 L - a scroll of fear {unknown}
Potions
 m - a potion of brilliance {unknown}
 n - a potion of berserk rage {unknown}
 p - 2 potions of might
 s - a potion of experience {unknown}
 t - 3 potions of cancellation
 z - a potion of flight {unknown}


   Skills:
 * Level 7.8 Fighting
 + Level 4.9 Staves
 * Level 9.1 Dodging
 * Level 7.4 Stealth
 * Level 11.0 Spellcasting


You had 8 spell levels left.
You knew the following spells:

 Your Spells              Type           Power      Damage    Failure   Level
a - Foxfire               Conj/Fire      100%       2x1d9     1%          1
b - Scorch                Fire           100%       2d10      1%          2
c - Conjure Flame         Conj/Fire      97%        6-21      1%          3
d - Inner Flame           Hex/Fire       97%        N/A       1%          3
e - Flame Wave            Conj/Fire      97%        2d16      1%          4
f - Pain                  Necr           100%       1d9       1%          1
g - Corpse Rot            Necr/Air       100%       N/A       1%          2
h - Call Imp              Summ           58%        N/A       1%          2
i - Spider Form           Tmut/Pois      58%        N/A       1%          3
j - Petrify               Tmut/Erth      58%        N/A       1%          4
Your spell library was empty.

Dungeon Overview and Level Annotations

Branches:
Dungeon (12/15)            Temple (0/1) D:7            Lair (0/6) D:10
    Orc (0/2) D:10          Sewer (visited)         Gauntlet (visited)

Altars:
Uskayaw
Jiyva

Shops:
D:2 =   D:3 ?   D:8 :   D:11 [   D:12 *

Annotations:
D:8 3 runed translucent doors, 5 exclusions, brightshaft's ghost, novice DgEE; dianekeaton's ghost, novice HOFi
D:10 3 runed translucent doors, 5 exclusions, Jingleheimer's ghost, journeyman DrFi
D:12 2 transporters, Jorgrun; pkoi's ghost, journeyman DgIE


Innate Abilities, Weirdness & Mutations

You are immune to sickness and miasma.
You are immune to poison.
Your flesh is very heat resistant. (rF++)
You are vulnerable to cold. (rC-)
You float through the air rather than walking.
You learn spells naturally, not from books.
Your magical power is your life essence.
You have superior vitality. (+4 MHP)
You have a pair of large horns on your head.
You tend to lose your temper in combat.
You are strong-willed. (Will+)
Your muscles are very strong. (Str +4)
Your body has grown eyes which may confuse attackers. (Acc +3)


Message History

Your +1 robe of willpower melds into your body.
You feel less strong-willed. The grasping roots constrict you!
* * * LOW HITPOINT WARNING * * *
You feel much better.
Jorgrun points at you and mumbles some strange words.
You resist with significant effort. The grasping roots constrict you!!
Your crimson imp blinks!
You fade into invisibility!
The grasping roots constrict you!
* * * LOW HITPOINT WARNING * * *
Your crimson imp hits Jorgrun but does no damage.
Aiming: Paralyse
Press: ? - help, Shift-Dir - straight line, f/p - Jorgrun
Aim: Jorgrun, wielding a +0 vorpal quarterstaff and wearing a +2 robe of cold resistance (lightly wounded, wandering, ally target, hasn't noticed you, chance to affect: 0%)
Okay, then.
Okay, then.
You feel much better. The grasping roots constrict you!
Your crimson imp blinks!
The roots' grasp on you weakens, but your attempt to escape fails.
Jorgrun misses you. The grasping roots constrict you!!
* * * LOW HITPOINT WARNING * * *
It was a potion of mutation.
You feel extremely strange.
You feel more in control of your magic.
You regain control of your magic.
You feel a little pissed off.
You feel strong-willed. Jorgrun completely misses you.
The grasping roots constrict you!
* * * LOW HITPOINT WARNING * * *
It was a potion of curing.
You feel better. Jorgrun completely misses you.
The grasping roots constrict you!!
* * * LOW HITPOINT WARNING * * *
Your magical effects are unravelling.
You feel magically purged.
Your transformation has ended.
Your staff of fire unmelds from your body.
Your +2 pair of gloves unmelds from your body.
Your orb of light unmelds from your body.
Your +1 robe of willpower unmelds from your body.
You feel strong-willed.
You flicker back into view.
Jorgrun hits you with a +0 vorpal quarterstaff!
You die...

######### ############# ........#
#............ ...^....#
#............ ........#
#............ ........#
#............
........####............
...∩....................
................@g......
##..####J........5....## #..#
#........J.....# #..#
#..............#
##..####..............###########
.................................
.................................
########..#######..########..####
# #..# #..# #..#


You could see Jorgrun (ally target), a neutral jelly (wandering)(fellow slime)
and a friendly crimson imp (summoned).

Vanquished Creatures
  2 hydras
  A boulder beetle (D:11)
  A two-headed ogre (D:12)
  A manticore (shapeshifter) (D:12)
  A cyclops (D:12)
  A gargoyle (D:12)
  A kobold demonologist (D:9)
  A komodo dragon (D:10)
  4 trolls
  2 shadows
  A wyvern (D:9)
  38 yaks
  3 wraiths
  3 vampire mosquitoes (D:11)
  3 water moccasins
  2 acid dragons
  A sky beast (D:7)
  8 orc warriors
  2 black bears
  3 centaurs
  An ogre (D:6)
  A phantom (D:7)
  3 bullfrogs (D:10)
  18 kobold brigands
  A scorpion (D:6)
  2 wyvern skeletons
  A water moccasin zombie (D:6)
  8 wights
  A centaur zombie (D:9)
  3 hounds
  3 jellies
  A bullfrog skeleton (D:6)
  7 orc priests
  3 iguanas
  11 orc wizards
  A killer bee zombie (D:6)
  A hound skeleton (D:4)
  8 adders
  2 gnolls (D:5)
  3 river rats (Sewer)
  An adder skeleton (D:4)
  A worm (D:4)
  5 dart slugs
  40 orcs
  3 endoplasms
  9 giant cockroaches
  7 goblins
  11 hobgoblins
  2 jackals (D:3)
  6 quokkas
  12 ball pythons
  A bat (D:2)
  A frilled lizard (D:1)
  45 kobolds
  18 rats
320 creatures vanquished.

Vanquished Creatures (collateral kills)
  Nergalle (D:11)
  An ogre (D:4)
  A kobold brigand (D:8)
  A bullfrog (D:5)
  An iguana (D:5)
  2 gnolls (D:5)
  A river rat (Sewer)
  2 orcs (D:7)
  2 kobolds
  A ball python (Sewer)
13 creatures vanquished.

Vanquished Creatures (others)
  A manticore (D:11)
  An ice statue (D:11)
  A steam dragon (D:10)
  An orc warrior (D:8)
  29 jellies
  2 orc priests
  2 adders (D:3)
  A shadow imp (D:7)
  7 orcs
  An endoplasm (D:4)
  A ball python (D:3)
  A frilled lizard (D:3)
  A kobold (D:4)
  1226 foxfires
  43 fungi (D:10)
  44 plants (D:10)
  A withered plant (Gauntlet)
1363 creatures vanquished.

Grand Total: 1696 creatures vanquished

Notes
Turn   | Place    | Note
-------+----------+-------------------------------------------
     0 | D:1      | firemarshallily the Djinni Fire Elementalist began the
                  | quest for the Orb.
     0 | D:1      | Reached XP level 1. HP: 15/15 MP: 0/0
   220 | D:1      | Reached XP level 2. HP: 15/21 MP: 0/0
   375 | D:1      | You are sucked into a shaft and drop 1 floor!
   555 | D:1      | Reached skill level 3 in Spellcasting
   809 | D:1      | Reached XP level 3. HP: 22/25 MP: 0/0
   809 | D:1      | Learned a level 1 spell: Pain
  1394 | D:2      | Found Sojoger's Jewellery Boutique.
  1586 | D:2      | Reached XP level 4. HP: 28/31 MP: 0/0
  1813 | D:2      | Found a faded altar of an unknown god.
  1819 | D:2      | Prayed at the altar of an unknown god.
  1819 | D:2      | Became a worshipper of Jiyva Jiawoga the Shapeless
  1819 | D:2      | Reached * piety under Jiyva
  2097 | D:3      | Reached skill level 4 in Spellcasting
  2182 | D:3      | Reached XP level 5. HP: 35/35 MP: 0/0
  2182 | D:3      | Learned a level 2 spell: Corpse Rot
  2390 | D:3      | Reached ** piety under Jiyva
  2413 | D:3      | Found Kaurgh's Magic Scroll Emporium.
  2962 | D:4      | Noticed a black bear
  2974 | D:4      | Killed a black bear
  2975 | D:4      | Reached skill level 5 in Spellcasting
  2975 | D:4      | Reached XP level 6. HP: 38/40 MP: 0/0
  3114 | D:4      | Reached *** piety under Jiyva
  3262 | D:4      | Reached XP level 7. HP: 36/45 MP: 0/0
  3262 | D:4      | Learned a level 2 spell: Call Imp
  3359 | D:4      | Reached skill level 6 in Spellcasting
  3364 | D:4      | Found a glowing drain.
  3386 | Sewer    | Entered a sewer
  3889 | D:4      | Reached XP level 8. HP: 48/50 MP: 0/0
  4042 | D:5      | Entered Level 5 of the Dungeon
  4042 | D:5      | Gained mutation: Your flesh is almost immune to the effects
                  | of heat. (rF+++) [Jiyva's grace]
  4042 | D:5      | Gained mutation: You are agile. (Dex +2) [Jiyva's grace]
  4042 | D:5      | Gained mutation: You are very agile. (Dex +4) [Jiyva's
                  | grace]
  4042 | D:5      | Gained mutation: You possess an exceptional clarity of
                  | mind. [Jiyva's grace]
  4055 | D:5      | Reached skill level 7 in Spellcasting
  4086 | D:5      | Reached **** piety under Jiyva
  4118 | D:5      | Identified the +3 short sword of the Thieving Tiger
                  | {vorpal, rElec rF- Will+++ rCorr}
  4170 | D:5      | Noticed a yak
  4173 | D:5      | Noticed a yak
  4174 | D:5      | Noticed a yak
  4176 | D:5      | Killed a yak
  4182 | D:5      | Killed a yak
  4182 | D:5      | Killed a yak
  4183 | D:5      | Reached skill level 8 in Spellcasting
  4183 | D:5      | Reached XP level 9. HP: 28/55 MP: 0/0
  4183 | D:5      | Learned a level 3 spell: Spider Form
  4618 | D:6      | Reached ***** piety under Jiyva
  4795 | D:6      | Noticed Edmund
  4798 | D:6      | Reached skill level 9 in Spellcasting
  4807 | D:6      | Slimified Edmund
  4807 | D:6      | Noticed Edmund
  4807 | D:6      | Edmund changed into Edmund the slime creature
  4887 | D:6      | Found a hide-covered altar of Uskayaw.
  5143 | D:6      | Lost mutation: You are very agile. (Dex +4) [Jiyva's grace]
  5143 | D:6      | Lost mutation: You possess an exceptional clarity of mind.
                  | [Jiyva's grace]
  5143 | D:6      | Gained mutation: Your melee attacks may engulf your foes in
                  | ooze. [Jiyva's grace]
  5143 | D:6      | Gained mutation: Your body has grown eyes which may confuse
                  | attackers. (Acc +3) [Jiyva's grace]
  5143 | D:6      | Gained mutation: Your body has grown many eyes which may
                  | confuse attackers. (Acc +5) [Jiyva's grace]
  5143 | D:6      | Gained mutation: Your body is covered in eyes which may
                  | confuse attackers. (Acc +7, SInv) [Jiyva's grace]
  5204 | D:7      | Found a staircase to the Ecumenical Temple.
  5287 | D:7      | Reached skill level 1 in Fighting
  5325 | D:7      | Noticed an eight-headed hydra
  5333 | D:7      | Killed an eight-headed hydra
  5334 | D:7      | Reached skill level 1 in Staves
  5402 | D:7      | Reached XP level 10. HP: 48/65 MP: 0/0
  5466 | D:7      | Was placed under penance by Jiyva
  5960 | D:7      | Was forgiven by Jiyva
  6239 | D:8      | Found a runed translucent gate.
  6239 | D:8      | Found a runed translucent gate.
  6239 | D:8      | Found a runed translucent gate.
  6243 | D:8      | Noticed brightshaft's ghost (novice DgEE)
  6243 | D:8      | Noticed dianekeaton's ghost (novice HOFi)
  6307 | D:8      | Reached skill level 5 in Dodging
  6367 | D:8      | Identified the +10 dagger "Thing" {vorpal, rElec}
  6426 | D:8      | Found Kisad's Book Shop.
  7232 | D:9      | Reached ****** piety under Jiyva
  7276 | D:9      | Reached XP level 11. HP: 73/74 MP: 0/0
  7276 | D:9      | Learned a level 4 spell: Petrify
  7281 | D:9      | Reached skill level 5 in Fighting
  7314 | D:9      | Reached skill level 5 in Stealth
  7314 | D:9      | Reached skill level 10 in Spellcasting
  7413 | D:9      | Lost mutation: Your flesh is almost immune to the effects
                  | of heat. (rF+++) [Jiyva's grace]
  7413 | D:9      | Lost mutation: Your body is covered in eyes which may
                  | confuse attackers. (Acc +7, SInv) [Jiyva's grace]
  7413 | D:9      | Lost mutation: Your melee attacks may engulf your foes in
                  | ooze. [Jiyva's grace]
  7413 | D:9      | Gained mutation: Your muscles are strong. (Str +2) [Jiyva's
                  | grace]
  7413 | D:9      | Gained mutation: Your muscles are very strong. (Str +4)
                  | [Jiyva's grace]
  7413 | D:9      | Gained mutation: Your spells are a little harder to cast,
                  | but a little more powerful. [Jiyva's grace]
  7413 | D:9      | Gained mutation: Your spells are harder to cast, but more
                  | powerful. [Jiyva's grace]
  7563 | D:9      | Was placed under penance by Jiyva
  7753 | D:9      | Was forgiven by Jiyva
  8208 | D:10     | Entered Level 10 of the Dungeon
  8301 | D:10     | Found a staircase to the Lair.
  8418 | D:10     | Found a runed translucent gate.
  8418 | D:10     | Found a runed translucent gate.
  8418 | D:10     | Found a runed translucent gate.
  8418 | D:10     | Noticed a nine-headed hydra
  8418 | D:10     | Noticed an 11-headed hydra
  8418 | D:10     | Noticed Jingleheimer's ghost (journeyman DrFi)
  8515 | D:10     | Reached XP level 12. HP: 82/84 MP: 0/0
  8555 | D:10     | Found a staircase to the Orcish Mines.
  9053 | D:11     | Found Ustrov's Antique Armour Shop.
  9068 | D:11     | Lost mutation: You are agile. (Dex +2) [Jiyva's grace]
  9068 | D:11     | Lost mutation: Your muscles are very strong. (Str +4)
                  | [Jiyva's grace]
  9068 | D:11     | Lost mutation: Your body has grown many eyes which may
                  | confuse attackers. (Acc +5) [Jiyva's grace]
  9068 | D:11     | Gained mutation: You have a pair of small horns on your
                  | head. [Jiyva's grace]
  9068 | D:11     | Gained mutation: You have a pair of horns on your head.
                  | [Jiyva's grace]
  9068 | D:11     | Gained mutation: You have a pair of large horns on your
                  | head. [Jiyva's grace]
  9068 | D:11     | Gained mutation: Your muscles are very strong. (Str +4)
                  | [Jiyva's grace]
  9088 | D:11     | Identified the +1 robe "Yddo" {*Slow +Inv rPois MP-9 Str+6}
  9111 | D:11     | Noticed a boulder beetle
  9183 | D:11     | Killed a boulder beetle
  9248 | D:11     | Identified the +7 lajatang "Hydraslayer" {vorpal, Str-3
                  | Dex+2 Stlth+}
  9270 | D:11     | Noticed Nergalle
  9297 | D:11     | Killed Nergalle
  9297 | D:11     | Was placed under penance by Jiyva
  9650 | D:11     | Bought a glowing orb for 324 gold pieces
  9886 | D:12     | Noticed a two-headed ogre
  9953 | D:12     | Killed a two-headed ogre
  9968 | D:12     | Identified the amulet "Jiasebba" {Acrobat rC+}
 10001 | D:12     | Found Etifoa's Gadget Gallery.
 10156 | D:12     | Identified the +10 great mace of Jeubal {vorpal, Fragile
                  | Dex-2 SInv Stlth+}
 10156 | D:12     | Noticed an ettin
 10157 | D:12     | Noticed a two-headed ogre
 10157 | D:12     | Noticed pkoi's ghost (journeyman DgIE)
 10157 | D:12     | Noticed a two-headed ogre
 10158 | D:12     | Noticed a two-headed ogre
 10158 | D:12     | Noticed a two-headed ogre
 10158 | D:12     | Noticed a two-headed ogre
 10159 | D:12     | Found a transporter.
 10160 | D:12     | Noticed a two-headed ogre
 10163 | D:12     | Found a transporter.
 10298 | D:12     | Was forgiven by Jiyva
 10305 | D:12     | Found a gate leading to a gauntlet.
 10314 | Gauntlet | Entered a Gauntlet
 10314 | Gauntlet | Found a transporter.
 10322 | Gauntlet | Found a transporter.
 10325 | Gauntlet | Found a transporter.
 10326 | Gauntlet | Found a transporter.
 10337 | Gauntlet | Found a transporter.
 10337 | Gauntlet | Found a transporter.
 10338 | Gauntlet | Found a transporter.
 10344 | Gauntlet | Noticed a soul eater
 10346 | Gauntlet | Found a transporter.
 10349 | Gauntlet | Found a transporter.
 10350 | Gauntlet | Found a transporter.
 10352 | Gauntlet | Noticed a death yak
 10352 | Gauntlet | Noticed a death yak
 10353 | Gauntlet | Noticed a death yak
 10358 | Gauntlet | Found a transporter.
 10361 | Gauntlet | Found a transporter.
 10362 | Gauntlet | Found a transporter.
 10373 | Gauntlet | Found a transporter.
 10476 | D:12     | Noticed a five-headed hydra
 10490 | D:12     | Killed a five-headed hydra
 10507 | D:12     | Reached skill level 11 in Spellcasting
 10528 | D:12     | Noticed Jorgrun
 10538 | D:12     | Lost mutation: Your spells are harder to cast, but more
                  | powerful. [potion of mutation]
 10538 | D:12     | Lost mutation: Your spells are a little harder to cast, but
                  | a little more powerful. [potion of mutation]
 10538 | D:12     | Gained mutation: You tend to lose your temper in combat.
                  | [potion of mutation]
 10538 | D:12     | Gained mutation: You are strong-willed. (Will+) [potion of
                  | mutation]
 10539 | D:12     | HP: 2/86 [constriction (18)]
 10540 | D:12     | Mangled by Jorgrun

Illustrated notes

Levels and vault maps discovered:
D:1:      lightli_molten_gateway, layout_basic, minmay_tetromino_o4
D:2:      layout_basic, shapermc_ecumenical_altar_mp_vishouse, serial_shops,
          nicolae_diamond_shop
D:3:      layout_basic, serial_shops, shop
D:4:      layout_loops_ring, gup_sewer_entry_glass, minmay_surrounded
D:5:      layout_cave_pools, amcnicky_mini_pool_small
D:6:      layout_cave_pools, mainiacjoe_overflow_surrounded_room, uniq_edmund
D:7:      layout_loops_ring, minmay_temple_entry_purple_smoke
D:8:      layout_layer_cave, serial_shops, kennysheep_mini,
          gammafunk_ghost_cemetery
D:9:      minmay_goldmine, layout_gridville, special_room [special_room_kobold]
D:10:     layout_roguey, due_lair_maze_entry_diamond, erik_orc_2,
          gammafunk_ghost_hydra_chop
D:11:     lemuel_ice_statue, layout_rooms, serial_shops, shop, uniq_nergalle
D:12:     layout_small_grid, gammafunk_ghost_smash, gauntlet_entry_generic,
          nicolae_shop_gadgets, uniq_jorgrun

Skill      XL: |  1  2  3  4  5  6  7  8  9 10 11 12 |
---------------+-------------------------------------+-----
Spellcasting   | 3 4 5 6 8 9 10 11 | 11.0
Fighting       | 2 4 6 7 |  7.8
Stealth        | 3 4 6 7 |  7.4
Staves         | 1 3 4 |  4.9
Dodging        | 3 6 7 9 |  9.1

Action                   |  1- 3 |  4- 6 |  7- 9 | 10-12 || total
-------------------------+-------+-------+-------+-------++-------
Melee: Unarmed           |     1 |       |       |       ||     1
       Staff             |     1 |     1 |    10 |    26 ||    38
       Punch             |       |       |     1 |       ||     1
 Cast: Foxfire           |    71 |   120 |   116 |   444 ||   751
       Pain              |     1 |       |       |       ||     1
       Scorch            |       |     8 |    49 |    94 ||   151
       Call Imp          |       |       |    18 |    40 ||    58
       Inner Flame       |       |       |    10 |    58 ||    68
       Flame Wave        |       |       |     1 |     2 ||     3
       Spider Form       |       |       |       |     2 ||     2
       Petrify           |       |       |       |     1 ||     1
Invok: Slimify           |       |       |     1 |     1 ||     2
  Use: Scroll            |       |     2 |     4 |     8 ||    14
       Potion            |       |       |       |     9 ||     9
 Stab: Confused          |       |       |       |     2 ||     2
Armor: Robe              |     1 |     5 |    18 |    17 ||    41
Dodge: Dodged            |     6 |     5 |    45 |    94 ||   150
